cohdb
Replays
Latest Replays
All Replays
Popular Replays
Top Player Replays
Match Explorer
How It Works
Community
CoH3 Stats
Reddit
Sign in to upload your games and track your stats! →
Sign in with Steam
Match 29432711
Unlisted
Match 29432711
Overview
Messages
Build Orders
End
Engineer Squad
Construct Barracks
Selects Armored Battlegroup
Selects Assault Engineers
1⁄4-ton 4x4 Truck
Assault Engineer Squad
Riflemen Squad
Riflemen Squad
Grenade Package
Riflemen Squad
Mechanized Support Center
Construct Motor Pool
Selects M31 Recovery Vehicle
M8 Greyhound Armored Car
Construct Medical Station
Selects Strength in Steel
M1918 Browning Automatic Rifles
Designate Forward Repair Station
Riflemen Squad
Selects War Machine
Improvised Armor
Construct Tank Depot
Selects Seek and Destroy
Selects UNKNOWN (2160077)
M4(105) Sherman Bulldozer
M18 Hellcat Tank Destroyer
Rearm and Retrofit
M4A3E8 Sherman Easy Eight
Rapid Repairs
M4A3E8 Sherman Easy Eight
M1 Anti-tank Gun Team
M1 Anti-tank Gun Team
Assault Engineer Squad
GenObi
HulkSMASH
0
0
Comments
sign in to comment!
No comments posted yet!